 Dungeon Crawl Stone Soup version 0.18.1-50-g88ac8fd (webtiles) character file.

284 Gargoyl the Skirmisher (level 6, -4/51 HPs)
             Began as a Demonspawn Abyssal Knight on Oct 28, 2016.
             Was a Priest of Lugonu.
             Killed from afar by an orc wizard (8 damage)
             ... with a magic dart
             ... on level 3 of the Dungeon.
             The game lasted 00:05:27 (2245 turns).

Gargoyl the Skirmisher (Demonspawn Abyssal Knight)  Turns: 2245, Time: 00:05:28

Health: -4/51      AC: 12    Str: 19    XL:     6   Next: 7%
Magic:  7/8        EV:  1    Int: 18    God:    Lugonu [***...]
Gold:   142        SH: 11    Dex: 12    Spells: 0 memorised, 5 levels left

rFire  . . .     SeeInvis .     k - +0 war axe
rCold  . . .     Gourm    .     e - +0 ring mail
rNeg   . . .     Faith    .     i - +0 large shield
rPois  .         Spirit   .     h - +2 helmet
rElec  .         Dismiss  .     (no cloak)
rCorr  .         Reflect  .     (no gloves)
SustAt .         Harm     .     (no boots)
MR     +....                    (no amulet)
Stlth  ..........               (no ring)
                                l - ring of protection from magic

@: mighty, brilliant, very slightly contaminated, hasted, very quick, somewhat
resistant to hostile enchantments, extremely unstealthy
A: hooves 2, rough black scales 1
a: Depart the Abyss, Bend Space, Banish, Renounce Religion


You were on level 3 of the Dungeon.
You worshipped Lugonu.
Lugonu was most pleased with you.
You were hungry.

You visited 1 branch of the dungeon, and saw 3 of its levels.
You visited the Abyss 1 time.

You collected 142 gold pieces.

Inventory:

Hand Weapons
 a - a +1 hand axe
 k - a +0 war axe (weapon)
Armour
 e - a +0 ring mail (worn)
 h - a +2 helmet (worn)
 i - a +0 large shield (worn)
Jewellery
 l - a ring of protection from magic (left hand)
Scrolls
 d - a scroll of identify
 f - a scroll of enchant weapon {unknown}
 j - a scroll of recharging {unknown}
Potions
 g - a potion of haste
Comestibles
 c - a bread ration


   Skills:
 + Level 5.1 Fighting
 + Level 2.7 Axes
 * Level 3.0 Armour
 + Level 1.1 Dodging
 + Level 0.5 Shields
 * Level 3.8 Invocations


You had 5 spell levels left.
You didn't know any spells.

Dungeon Overview and Level Annotations

Branches:
Dungeon (3/15)

Altars:


Innate Abilities, Weirdness & Mutations

You have hoof-like feet.
You are partially covered in rough black scales (AC +4, Dex -1).


Message History

* * * LOW HITPOINT WARNING * * *
The orc barely misses you.
Unknown command.
Drink which item? (? for menu, Esc to quit)
It was a potion of might.
You feel very mighty all of a sudden.
The orc priest miscasts a cantrip.
Drink which item? (? for menu, Esc to quit)
It was a potion of cure mutation.
It has a very clean taste.
The orc wizard gestures wildly while chanting.
The orc wizard blinks!
You block the orc's attack.
Found a dagger.
The orc priest looks braver for a moment.
Found 32 stones and a bread ration.
Found 27 arrows.
A giant cockroach comes into view.
There is a stone staircase leading up here.
The orc wizard casts a spell at you. The magic dart hits you!
You die...

.. #................
...
#..................
..
#..................
#.#....oo............
#.)?[...oo...........
##.[†................
#.........o.o..)....
##.....loo.......(..
#>.........@.......
##.................
#.................
#.................
#...............s.
#.................
%................
....(...........


You could see 2 orc priests, an orc wizard, 5 orcs, a giant cockroach and a
giant newt.

Vanquished Creatures
  A golden eye (Abyss:1)
  An orc wizard (D:3)
  3 adders
  An ooze (D:2)
  2 worms (D:2)
  3 dart slugs
  A giant gecko (D:1)
  11 orcs (D:3)
  5 bats
  4 giant cockroaches
  10 hobgoblins
  4 jackals (D:3)
  4 kobolds (D:1)
  A quokka (D:2)
  3 giant newts
  4 goblins
  7 rats
65 creatures vanquished.

Vanquished Creatures (others)
  A quokka (D:2)
1 creature vanquished.

Grand Total: 66 creatures vanquished

Notes
Turn   | Place    | Note
--------------------------------------------------------------
     0 | Abyss:1  | Gargoyl the Demonspawn Abyssal Knight began the quest for the Orb.
     0 | Abyss:1  | Reached XP level 1. HP: 18/18 MP: 2/2
    63 | Abyss:1  | Noticed a golden eye
    63 | Abyss:1  | Noticed a golden eye
   148 | Abyss:1  | Killed a golden eye
   148 | Abyss:1  | Reached skill level 4 in Fighting
   148 | Abyss:1  | Gained mutation: You have large cloven feet. [demonic ancestry]
   148 | Abyss:1  | Reached XP level 2. HP: 26/26 MP: 2/4
   148 | Abyss:1  | Gained mutation: You are partially covered in rough black scales (AC +4, Dex -1). [demonic ancestry]
   148 | Abyss:1  | Reached XP level 3. HP: 32/32 MP: 2/5
   148 | Abyss:1  | Gained mutation: You have hoof-like feet. [demonic ancestry]
   148 | Abyss:1  | Reached XP level 4. HP: 38/38 MP: 2/6
   157 | Abyss:1  | Noticed a worldbinder
   158 | Abyss:1  | Noticed a tarantella
   158 | Abyss:1  | Noticed a tarantella
   160 | Abyss:1  | Noticed a tarantella
   162 | D:1      | Escaped the Abyss
   273 | D:1      | Reached XP level 5. HP: 42/43 MP: 7/7
   418 | D:1      | Reached skill level 5 in Fighting
   660 | D:1      | Reached ** piety under Lugonu
  1196 | D:2      | Reached skill level 1 in Dodging
  1980 | D:3      | Reached *** piety under Lugonu
  1983 | D:3      | Reached XP level 6. HP: 29/51 MP: 8/8
  2245 | D:3      | Killed from afar by an orc wizard

Skill      XL: |  1  2  3  4  5  6 |
---------------+-------------------+-----
Fighting       | 4 5 |  5.1
Axes           | 2 |  2.7
Armour         | 2 3 |  3.0
Invocations    | 3 |  3.8
Dodging        | 1 |  1.1
Shields        | |  0.5

Action                   |  1- 3 |  4- 6 || total
-------------------------+-------+-------++-------
Melee: Hand axe          |    25 |   144 ||   169
       Kick              |       |    33 ||    33
       War axe           |       |    50 ||    50
Invok: Bend Space        |       |     1 ||     1
  Use: Potion            |       |     4 ||     4
       Scroll            |       |     2 ||     2
  Eat: Chunk             |       |     4 ||     4
Armor: Ring mail         |       |   139 ||   139
Dodge: Dodged            |       |   124 ||   124
Block: Large shield      |       |    93 ||    93
